 Dungeon Crawl Stone Soup version 0.31-a0-963-ga325b2283a (webtiles) character file.

Game seed: 85797581649167554

41825 CowFu the Mimic (level 13, -1/113 HPs)
             Began as a Black Draconian Shapeshifter on Oct 25, 2023.
             Was a High Priest of Ignis.
             Slain by an ogre mage
             ... wielding a +1 spear of flaming
              (7 damage)
             ... in a volcano.
             The game lasted 00:42:38 (16153 turns).

CowFu the Mimic (Black Draconian Shapeshifter)     Turns: 16153, Time: 00:42:39

Health: -1/113     AC: 14    Str: 23    XL:     13   Next: 82%
Magic:  13/13      EV: 14    Int: 12    God:    Ignis [*****.]
Gold:   810        SH: 11    Dex: 11    Spells: 12/12 levels left

rFire   + +          +
                       - Unarmed
rCold   . . .        D - +2 kite shield
rNeg    . . .        (body armour unavailable)
rPois   .            w - +1 hat of the Cartwright {rC+ Str+3 Slay+4}
rElec   +            v - +2 cloak {Will+}
rCorr   .            t - +0 pair of gloves
SInv    +            l - +0 pair of boots
Will    +....        P - amulet of regeneration
Stlth   ++++         O - ring of fire
HPRegen 1.18/turn    f - ring "Disuid" {rF+ SInv}
MPRegen 0.13/turn

%: no passive effects
@: maw-form
A: devouring maw, breathe lightning, AC +8, unfitting armour, electricity
resistance, cold-blooded
a: Breathe Lightning, Begin Untransformation, Renounce Religion, Fiery Armour,
Foxfire Swarm, Rising Flame


You were in a volcano.
You worshipped Ignis.
Ignis was extremely pleased with you.
You were a creature with a mouth for a stomach.
You visited 3 branches of the dungeon, and saw 17 of its levels.
You also visited: Ice Cave and Volcano.

You collected 927 gold pieces.
You spent 117 gold pieces at shops.

Inventory:

Hand Weapons
 a - the +7 trident "Impbane" {venom, Will+ rCorr Int-5}
   (You found it on level 8 of the Dungeon)

   Int-5:     It affects your intelligence (-5).
   Will+:     It increases your willpower.
   rCorr:     It protects you from acid and corrosion.
 j - a +3 dagger of electrocution
 R - the +4 whip "Ofuycimi" {heavy, rF+ Will+ Dex+3 SInv}
   (You took it off a centaur on level 11 of the Dungeon)

   Dex+3:     It affects your dexterity (+3).
   rF+:       It protects you from fire.
   Will+:     It increases your willpower.
   SInv:      It lets you see invisible.
Missiles
 C - 3 throwing nets
Armour
 l - a +0 pair of boots (worn)
 t - a +0 pair of gloves (worn)
 v - a +2 cloak of willpower (worn)
 w - the +1 hat of the Cartwright (worn) {rC+ Str+3 Slay+4}
   (You acquired it on level 8 of the Dungeon)

   Str+3:     It affects your strength (+3).
   Slay+4:    It affects your accuracy & damage with ranged weapons and melee
   (+4).
   rC+:       It protects you from cold.
 D - a +2 kite shield (worn)
 S - a +2 buckler of cold resistance
Jewellery
 f - the ring "Disuid" (right hand) {rF+ SInv}
   (You acquired it on level 7 of the Dungeon)

   [ring of protection from fire]

   rF+:       It protects you from fire.
   SInv:      It lets you see invisible.
 i - a ring of positive energy
 m - a +6 ring of intelligence
 p - a +4 ring of protection
 q - a +6 ring of intelligence
 u - a ring of see invisible
 L - a +6 ring of dexterity
 M - a +6 ring of dexterity
 O - a ring of fire (left hand)
 P - an amulet of regeneration (around neck)
 V - a +4 ring of protection
Talismans
 b - a beast talisman
 c - a flux talisman
 W - a maw talisman (active)
Wands
 s - a wand of acid (9)
 x - a wand of digging (4)
 y - a wand of polymorph (12)
 F - a wand of mindburst (24)
 J - a wand of roots (10)
 U - a wand of flame (6)
Scrolls
 r - 7 scrolls of teleportation
 A - 2 scrolls of enchant weapon
 E - 2 scrolls of immolation
 K - a scroll of identify
 N - a scroll of amnesia
 Q - 2 scrolls of poison
 X - a scroll of enchant armour
Potions
 d - 5 potions of might
 e - 3 potions of lignification
 g - 3 potions of curing
 h - 3 potions of attraction
 k - 3 potions of cancellation
 o - a potion of invisibility
 z - a potion of resistance
 G - 4 potions of mutation
 H - a potion of ambrosia
 I - 2 potions of berserk rage


   Skills:
 - Level 10.0 Fighting
 - Level 10.0 Dodging
 - Level 10.0 Stealth
 + Level 6.8 Shields
 - Level 10.0 Unarmed Combat
 + Level 12.6 Shapeshifting


You had 12 spell levels left.
You didn't know any spells.
Your spell library contained the following spells:

 Spells                   Type           Power      Damage    Failure   Level
 Foxfire                  Conj/Fire      0%         2x1d4     54%         1
 Shock                    Conj/Air       0%         1d3       54%         1
 Slow                     Hex            0%         N/A       54%         1
 Summon Small Mammal      Summ           0%         N/A       54%         1
 Blink                    Tloc           0%         N/A       69%         2
 Ensorcelled Hibernation  Hex/Ice        0%         N/A       69%         2
 Jinxbite                 Hex            0%         N/A       69%         2
 Lesser Beckoning         Tloc           0%         N/A       69%         2
 Momentum Strike          Conj/Tloc      0%         3d8       69%         2
 Passwall                 Tmut/Erth      0%         N/A       69%         2
 Call Canine Familiar     Summ           0%         N/A       89%         3
 Confusing Touch          Hex            0%         N/A       89%         3
 Gell's Gravitas          Tloc           0%         N/A       89%         3
 Hailstorm                Conj/Ice       0%         3d3       89%         3
 Inner Flame              Hex/Fire       0%         N/A       89%         3
 Sigil of Binding         Hex            0%         N/A       89%         3
 Summon Guardian Golem    Hex/Summ       0%         N/A       89%         3
 Swiftness                Air            0%         N/A       89%         3
 Teleport Other           Tloc           0%         N/A       89%         3
 Vampiric Draining        Necr           0%         2d6       89%         3
 Airstrike                Air            0%         2d(0-16)  100%        4
 Anguish                  Hex/Necr       0%         N/A       100%        4
 Animate Dead             Necr           0%         N/A       100%        4
 Flame Wave               Conj/Fire      0%         2d4       100%        4
 Passage of Golubria      Tloc           0%         N/A       100%        4
 Sticky Flame             Conj/Fire      0%         2d3       100%        4
 Summon Ice Beast         Ice/Summ       0%         N/A       100%        4
 Summon Lightning Spire   Summ/Air       0%         N/A       100%        4
 Iskenderun's Battlesphe  Conj           0%         2d6       100%        5
 Lee's Rapid Deconstruct  Erth           0%         3d4*      100%        5
 Silence                  Hex/Air        0%         N/A       100%        5
 Summon Forest            Summ/Tloc      0%         N/A       100%        5
 Summon Mana Viper        Hex/Summ       0%         N/A       100%        5
 Bombard                  Conj/Erth      0%         9d1       100%        6
 Plasma Beam              Fire/Air       0%         2x1d10    100%        6
 Simulacrum               Ice/Necr       0%         N/A       100%        6
 Starburst                Conj/Fire      0%         6d3       100%        6
 Summon Cactus Giant      Summ           0%         N/A       100%        6
 Haunt                    Necr/Summ      0%         N/A       100%        7
 Spellforged Servitor     Conj/Summ      0%         N/A       100%        7
 Infestation              Necr           0%         N/A       100%        8
 Lehudib's Crystal Spear  Conj/Erth      0%         10d2      100%        8
 Animate Armour           Summ/Erth      Unusable   N/A       N/A         4

Dungeon Overview and Level Annotations

Branches:
Dungeon (11/15)            Temple (1/1) D:7            Lair (5/5) D:9
 Shoals (0/4) Lair:2        Snake (0/4) Lair:3        Slime (0/5) Lair:4
    Orc (0/2) D:9           IceCv (visited)         Volcano (1/1)

Altars:
Ashenzari
Cheibriados
Dithmenos
Elyvilon
Fedhas
Gozag
Hepliaklqana
Kikubaaqudgha
Makhleb
Nemelex Xobeh
Okawaru
Qazlal
Ru
Sif Muna
Trog
Uskayaw
Vehumet
Wu Jian
Xom
Yredelemnul
Zin
The Shining One
Ignis
Jiyva

Shops:
D:5 :(?

Annotations:
Lair:4 exclusion: ice statue


Innate Abilities, Weirdness & Mutations

You are a creature with a mouth for a stomach.
Your midsection houses a second, enormous mouth.
You can breathe wild blasts of lightning.
Your glossy black scales are hard. (AC +8)
You cannot fit into any form of body armour.
You are resistant to electric shocks. (rElec)
You are cold-blooded and may be slowed by cold attacks.


Message History

The two-headed ogre barely misses you.
You hit the two-headed ogre. Your bite misses the two-headed ogre.
The two-headed ogre is almost dead.
The two-headed ogre hits you with a +0 giant club of flaming!!
* * * LOW HITPOINT WARNING * * *
You block the two-headed ogre's attack.
The ogre mage hits you but does no damage.
You are too injured to fight recklessly!
You barely miss the two-headed ogre.
The two-headed ogre is almost dead.
The two-headed ogre hits you with a +0 giant club of flaming!
* * * LOW HITPOINT WARNING * * *
The two-headed ogre burns you.
* * * LOW HITPOINT WARNING * * *
The two-headed ogre hits you with a +2 great mace of flaming!
* * * LOW HITPOINT WARNING * * *
You feel much better.
The two-headed ogre hits you with a +0 giant club of flaming!!
* * * LOW HITPOINT WARNING * * *
The two-headed ogre barely misses you. You block the ogre mage's attack.
You feel much better. The two-headed ogre misses you.
The two-headed ogre hits you with a +2 great mace of flaming!
* * * LOW HITPOINT WARNING * * *
The ogre mage hits you from afar with a +1 spear of flaming!
* * * LOW HITPOINT WARNING * * *
Okay, then.
Okay, then.
Okay, then.
Okay, then.
Okay, then.
You feel better.
The two-headed ogre hits you with a +0 giant club of flaming!!
* * * LOW HITPOINT WARNING * * *
The two-headed ogre closely misses you.
The ogre mage attacks as it pursues you!
The ogre mage hits you but does no damage.
The two-headed ogre misses you. You block the two-headed ogre's attack.
As you read the scroll of fog, it dissolves into smoke.
The ogre mage hits you from afar with a +1 spear of flaming!
You die...

...........##
....≈≈§§≈≈§≈.§....
..≈≈≈§§§≈≈≈≈≈....###
..§§≈≈§≈≈§≈≈≈≈.....#
..≈≈≈≈§≈≈≈§§≈≈§...##
.§§§§§≈≈≈≈≈≈≈≈≈....#
#...§≈≈≈§§§§≈.§§.§#
#..§≈§≈§§≈≈..§§#§#
#......§§.....#W## ##
#...##..###..###O##§≈##
#..###### #### ##O≈§≈§#
##.## #)§§§○# ###..#
=..§§○○# #§..####
##.)≈§≈≈# §§∩∩...#
[$§§≈≈≈# §§..§..#
)..§≈≈## #§≈..§##
.≈§≈§≈#


You could see a two-headed ogre (fast) and an ogre mage.

Vanquished Creatures
  A frost giant (IceCv)
  2 catoblepae
  A centaur warrior (D:10)
  A boulder beetle (Lair:3)
  3 two-headed ogres
  6 death yaks (IceCv)
  A skyshark (Lair:3)
  Pikel (D:4)
  A lindwurm (Lair:5)
  An ugly thing (D:9)
  2 manticores (Lair:2)
  An ice statue (IceCv)
  8 elephants
  5 black mambas
  10 cane toads
  9 rime drakes
  3 komodo dragons
  A freezing wraith (Lair:4)
  5 polar bears
  2 hornets
  2 trolls (D:11)
  Sigmund (D:5)
  6 slime creatures (D:11)
  A flying skull (D:7)
  2 shadows
  3 wraiths
  Eustachio (D:5)
  39 yaks
  6 basilisks
  2 wyverns
  2 steam dragons
  Edmund (D:5)
  3 nagas (Lair:3)
  12 water moccasins
  2 acid dragons
  A swamp drake (D:9)
  4 orc warriors
  8 ice beasts
  2 black bears
  An ogre (D:4)
  2 elephant zombies (D:7)
  10 wolves
  3 centaurs
  A phantom (D:6)
  21 bullfrogs
  5 scorpions
  4 gnoll sergeants
  15 killer bees
  A howler monkey (D:5)
  A human zombie (D:7)
  A centaur zombie (D:7)
  3 jellies
  9 orc priests
  2 sleepcaps
  Crazy Yiuf (D:4)
  2 hounds
  5 iguanas
  Ijyb (D:3)
  Natasha (twice) (D:2)
  5 scorpion zombies (D:7)
  16 orc wizards
  An ogre zombie (D:7)
  3 hound zombies (D:7)
  Robin (D:4)
  19 gnolls
  6 adders
  2 shadow imps (D:7)
  16 white imps (Lair:4)
  4 ufetubi
  An adder zombie (D:7)
  A worm (D:3)
  4 dart slugs
  44 orcs
  6 ball pythons
  6 endoplasms
  5 giant cockroaches
  15 goblins
  8 hobgoblins
  2 jackals (D:1)
  4 kobolds
  3 quokkas
  7 bats
  3 frilled lizards (D:1)
  3 rats
  A butterfly (Lair:3)
438 creatures vanquished.

Notes
Turn   | Place    | Note
-------+----------+-------------------------------------------
     0 | D:1      | CowFu the Draconian Shapeshifter began the quest for the
                  | Orb.
     0 | D:1      | Reached XP level 1. HP: 16/16 MP: 1/1
    40 | D:1      | Reached XP level 2. HP: 19/23 MP: 2/2
   195 | D:1      | Found a faded altar of an unknown god.
   207 | D:1      | Prayed at the altar of an unknown god.
   207 | D:1      | Became a worshipper of Ignis, the Dying Flame
   222 | D:1      | Reached skill level 4 in Shapeshifting
   358 | D:1      | Reached XP level 3. HP: 28/28 MP: 3/3
  1290 | D:2      | Reached XP level 4. HP: 33/35 MP: 4/4
  1402 | D:2      | Noticed Natasha
  1408 | D:2      | Killed Natasha
  1409 | D:2      | Reached skill level 5 in Shapeshifting
  1539 | D:2      | Noticed Natasha
  1546 | D:2      | Killed Natasha
  1859 | D:3      | Noticed Ijyb
  1867 | D:3      | Killed Ijyb
  1868 | D:3      | Reached XP level 5. HP: 40/40 MP: 5/5
  2531 | D:3      | Reached skill level 6 in Shapeshifting
  2725 | D:4      | Found a glowing golden altar of the Shining One.
  2726 | D:4      | Noticed Robin
  2764 | D:4      | Killed Robin
  2920 | D:4      | Reached XP level 6. HP: 44/47 MP: 6/6
  3150 | D:4      | Noticed Pikel
  3160 | D:4      | Killed Pikel
  3161 | D:4      | Reached skill level 7 in Shapeshifting
  3161 | D:4      | Your scales start taking on a glossy black colour.
  3161 | D:4      | Reached XP level 7. HP: 45/57 MP: 7/7
  3161 | D:4      | Gained mutation: You are resistant to electric shocks.
                  | (rElec) [Black Draconian growth]
  3276 | D:4      | Found a snail-covered altar of Cheibriados.
  3338 | D:4      | Found a runed translucent door.
  3339 | D:4      | Noticed Crazy Yiuf
  3348 | D:4      | Killed Crazy Yiuf
  3460 | D:4      | Reached XP level 8. HP: 38/63 MP: 8/8
  3875 | D:5      | Entered Level 5 of the Dungeon
  3930 | D:5      | Found Fiwe's Magic Scroll Emporium.
  3937 | D:5      | Bought 3 scrolls of teleportation for 117 gold pieces
  4057 | D:5      | Found Sawoet's Weapon Shoppe.
  4173 | D:5      | Noticed Eustachio
  4174 | D:5      | Noticed Edmund
  4186 | D:5      | Killed Eustachio
  4187 | D:5      | Reached skill level 5 in Unarmed Combat
  4193 | D:5      | Killed Edmund
  4360 | D:5      | Noticed Sigmund
  4366 | D:5      | Reached skill level 5 in Fighting
  4374 | D:5      | Killed Sigmund
  4428 | D:5      | Reached XP level 9. HP: 51/74 MP: 9/9
  4521 | D:5      | Found Liffaal's Book Shop.
  5391 | D:6      | Reached skill level 5 in Dodging
  5586 | D:6      | Reached skill level 5 in Stealth
  6449 | D:7      | Found a bloodstained altar of Trog.
  6505 | D:7      | Found a blossoming altar of Fedhas.
  6612 | D:7      | Found an ancient bone altar of Kikubaaqudgha.
  6891 | D:7      | Identified a scroll of acquirement
  7047 | D:7      | Found a staircase to the Ecumenical Temple.
  7224 | Temple   | Entered the Ecumenical Temple
  7441 | D:8      | Reached XP level 10. HP: 84/84 MP: 10/10
  7441 | D:8      | Acquired the ring "Disuid" {rF+ SInv}
  7659 | D:8      | Identified the +7 trident "Impbane" {venom, Will+ rCorr
                  | Int-5}
  8606 | D:8      | Acquired the +1 hat of the Cartwright {rC+ Str+3 Slay+4}
  8655 | D:9      | Noticed a two-headed ogre
  8672 | D:8      | Killed a two-headed ogre
  9468 | D:9      | Found a staircase to the Lair.
  9630 | D:9      | Reached XP level 11. HP: 94/95 MP: 11/11
  9806 | D:9      | Found a staircase to the Orcish Mines.
 10133 | D:10     | Entered Level 10 of the Dungeon
 10134 | D:10     | Noticed a two-headed ogre
 10137 | D:10     | Noticed a cyan ugly thing
 10144 | D:9      | Killed a two-headed ogre
 10192 | D:9      | Killed a white ugly thing
 10297 | D:10     | Noticed a centaur warrior
 10306 | D:10     | Killed a centaur warrior
 11985 | D:11     | Identified the +4 whip "Ofuycimi" {heavy, rF+ Will+ Dex+3
                  | SInv}
 12043 | D:11     | Reached skill level 8 in Shapeshifting
 12133 | Lair:1   | Entered Level 1 of the Lair of Beasts
 12324 | Lair:1   | Reached XP level 12. HP: 91/106 MP: 12/12
 12330 | Lair:1   | Reached skill level 10 in Fighting
 12583 | Lair:1   | Noticed a catoblepas
 12606 | Lair:1   | Killed a catoblepas
 12989 | Lair:2   | Reached skill level 10 in Unarmed Combat
 13006 | Lair:2   | Found a staircase to the Shoals.
 13179 | Lair:2   | Reached skill level 9 in Shapeshifting
 13310 | Lair:2   | Reached skill level 10 in Stealth
 13693 | Lair:3   | Found a staircase to the Snake Pit.
 13717 | Lair:3   | Reached skill level 10 in Dodging
 13896 | Lair:3   | Found a basalt altar of Yredelemnul.
 14009 | Lair:3   | Reached skill level 10 in Shapeshifting
 14116 | Lair:3   | Noticed a boulder beetle
 14145 | Lair:3   | Killed a boulder beetle
 14435 | Lair:4   | Noticed a catoblepas
 14462 | Lair:4   | Killed a catoblepas
 14463 | Lair:4   | Reached XP level 13. HP: 92/113 MP: 13/13
 14479 | Lair:4   | Found a frozen archway.
 14542 | IceCv    | Entered an ice cave
 14561 | IceCv    | Reached skill level 11 in Shapeshifting
 14592 | IceCv    | Reached skill level 1 in Shields
 14762 | IceCv    | Noticed a frost giant
 14779 | IceCv    | Killed a frost giant
 15109 | IceCv    | Reached skill level 5 in Shields
 15110 | IceCv    | Reached skill level 12 in Shapeshifting
 15525 | Lair:4   | Found a blossoming altar of Fedhas.
 15710 | Lair:4   | Found a staircase to the Slime Pits.
 15723 | Lair:4   | Found a viscous altar of Jiyva.
 15873 | Lair:4   | Found the +3 salamander hide armour {Flames, rFlCloud rF++
                  | rC--}
 15974 | Lair:5   | Entered Level 5 of the Lair of Beasts
 15975 | Lair:5   | Found a dark tunnel.
 16115 | Volcano  | Entered a volcano
 16151 | Volcano  | HP: 4/113 [two-headed ogre/+0 giant club of flaming (19)]
 16153 | Volcano  | Slain by an ogre mage

Illustrated notes

Levels and vault maps discovered:
D:1:      dpeg_arrival_water_fire, layout_loops_ring, basic_ecumenical_altar,
          kennysheep_crisscross
D:2:      layout_basic, uniq_natasha
D:3:      layout_basic, grunt_decor_resistance, uniq_ijyb
D:4:      layout_basic, kennysheep_slug_shrine,
          mainiacjoe_overflow_concentric_impassable, roderic_roman_lattice,
          uniq_pikel, uniq_robin, uniq_crazy_yiuf_cottage
D:5:      layout_basic, serial_shops, nicolae_square_shop, nicolae_shop_stone,
          kennysheep_little_box, kennysheep_cross_bottleneck, uniq_eustachio,
          uniq_sigmund, uniq_edmund
D:6:      layout_gridville
D:7:      layout_cave_pods, mainiacjoe_overflow_paths,
          nicolae_overflow_crystal_walls, minmay_temple_entry_hall,
          roadster_capsule_ark_zombie
D:8:      layout_cave_pools
D:9:      layout_rooms, due_lair_maze_entry_diamond, erik_orc_1
D:10:     layout_rooms, kennysheep_generic_room_3
D:11:     layout_basic, serial_corexii_hall, corexii_hall_statues_deadend,
          corexii_hall_statues_s, corexii_hall_statues_deadend,
          chequers_hall_statues_wall_a, chequers_hall_statues_y,
          corexii_hall_statues_x
Temple:   nicolae_temple_no_exploring_needed
Lair:1:   layout_loops_ring, chequers_serial_rivers_marsh,
          infiniplex_staircase_pool_2
Lair:2:   layout_hall_layers, minmay_shoals_entry_beasts
Lair:3:   layout_gridlike, nicolae_snake_entry_squirm, basic_altar,
          lemuel_fruit_fields
Lair:4:   layout_hall_layers, nicolae_slime_entry_field_trip,
          portal_ice_cave_entry_imps, basic_altar, ice2_lemuel
Lair:5:   guppyfry_lair_end_dragon, layout_regular_city,
          hangedman_lair_caniforms_friends, nicolae_volcano_entry_vermiform
Volcano:  volcano_pools

Skill      XL: |  1  2  3  4  5  6  7  8  9 10 11 12 13 |
---------------+----------------------------------------+-----
Shapeshifting  | 4 5 6 7 8 10 12 | 12.6
Fighting       | 3 5 6 8 9 10 | 10.0
Dodging        | 3 4 6 7 8 10 | 10.0
Stealth        | 2 4 6 7 9 10 | 10.0
Unarmed Combat | 4 5 7 8 9 10 | 10.0
Shields        | 6 |  6.8

Action                     |  1- 3 |  4- 6 |  7- 9 | 10-12 | 13-15 || total
---------------------------+-------+-------+-------+-------+-------++-------
  Melee: Unarmed           |    14 |       |       |   680 |   297 ||   991
         Tailslap          |     7 |    11 |    54 |   155 |    55 ||   282
         Dagger            |    86 |   160 |   347 |    11 |       ||   604
         Punch             |     3 |     5 |    14 |     1 |       ||    23
         Trident           |       |       |       |    66 |       ||    66
         Maw               |       |       |       |    23 |   121 ||   144
 Invoke: Fiery Armour      |       |       |     1 |       |       ||     1
Ability: Breathe Lightning |       |       |     1 |       |       ||     1
    Use: Potion            |       |     1 |     1 |     1 |     6 ||     9
         Scroll            |       |       |    13 |    11 |     5 ||    29
   Stab: Sleeping          |       |     1 |     6 |     3 |     3 ||    13
         Distracted        |       |       |     1 |       |       ||     1
 Armour: Skin              |    58 |   117 |   240 |   603 |   192 ||  1210
  Dodge: Dodged            |    66 |    70 |   244 |   554 |   158 ||  1092
  Block: Kite shield       |       |       |       |    15 |   157 ||   172
   Form: Flux              |       |       |       |     1 |       ||     1
         Maw               |       |       |       |     1 |       ||     1

Table legend: (Time is in decaauts)
 A = Elapsed time spent in this place.
 B = Non-inter-level travel time spent in this place.
 C = Inter-level travel time spent in this place.
 D = Time resting spent in this place.
 E = Time spent auto-exploring this place.
 F = Levels seen in this place.
 G = Mean time per level.
                   A        B        C        D        E       F      G
               +--------+--------+--------+--------+--------+-----+--------+
         Total |  16092 |  15360 |    732 |    143 |  11194 |  19 |  846.9 |
       Dungeon |  12128 |  11779 |    349 |      0 |   9464 |  11 | 1102.5 |
        Temple |      1 |      1 |      0 |      0 |      0 |   1 |    1.0 |
          Lair |   3149 |   2766 |    383 |      0 |   1520 |   5 |  629.8 |
      Ice Cave |    775 |    775 |      0 |    143 |    192 |   1 |  775.0 |
       Volcano |     37 |     37 |      0 |      0 |     18 |   1 |   37.0 |
               +--------+--------+--------+--------+--------+-----+--------+

Top non-repeatable levels by time:
     D:8: 1711 daAuts
     D:7: 1489 daAuts
     D:5: 1183 daAuts
     D:4: 1163 daAuts
    D:11: 1138 daAuts
     D:3: 1081 daAuts
     D:6: 1056 daAuts
     D:9: 938 daAuts
     D:2: 868 daAuts
  Lair:3: 847 daAuts
  Lair:4: 807 daAuts
   IceCv: 775 daAuts
     D:1: 771 daAuts
    D:10: 725 daAuts
  Lair:1: 701 daAuts
